Map: Deathaura LE

Players

DPGDark (Dark) - Winner!

  • Race: Zerg Zerg
  • League: Master
  • Spawn Location: 5:00

Rogue

  • Race: Zerg Zerg
  • Spawn Location: 11:00

Event: TSL 6

VOD

Have the link to the VOD?

Description

Time

  • Played on: Dec. 19, 2020, 11:39 a.m.
  • Length: 14:28

All games in this series

Show
View Real Time Build Order
Export as new Build Order

DPGDark Zerg - Winner!

Build Orders: Hatch First, Lurkers 

Get SALT Encoding   

  12  0:00  Drone  
  13  0:12  Overlord  
  13  0:16  Drone  
  14  0:31  Drone x2  
  16  0:46  Hatchery  
  16  0:49  Drone  
  16  0:53  Drone  
  17  0:58  Drone  
  18  1:08  Extractor  
  17  1:12  Spawning Pool  
  17  1:15  Drone  
  17  1:18  Drone  
  18  1:28  Drone  
  19  1:39  Drone  
  20  1:50  Drone  
  21  1:58  Queen x2  
  21  2:00  Drone x2  
  27  2:09  Overlord  
  27  2:12  Drone  
  27  2:13  Metabolic Boost  
  28  2:27  Drone x2  
  30  2:32  Zergling x2  
  30  2:33  Zergling x2  
  32  2:38  Hatchery  
  31  2:44  Queen  
  33  2:54  Overlord, Baneling Nest, Drone  
  33  2:57  Drone  
  34  3:01  Drone  
  35  3:11  Drone  
  35  3:12  Drone x4  
  40  3:16  Overlord  
  40  3:19  Zergling x2  
  41  3:21  Zergling x2  
  41  3:22  Drone  
  43  3:28  Drone  
  44  3:36  Lair  
  44  3:37  Drone x2  
  44  3:40  Drone x3  
  49  3:43  Drone  
  49  3:46  Drone x2  
  52  3:49  Overlord  
  52  3:52  Extractor  
  51  3:57  Zergling x2  
  51  3:59  Zergling x2, Drone, Evolution Chamber  
  52  4:05  Drone x2  
  54  4:10  Drone x2  
  54  4:11  Extractor, Roach Warren  
  54  4:12  Extractor, Drone  
  54  4:14  Drone  
  55  4:17  Drone  
  55  4:21  Zergling x4  
  55  4:22  Zergling x2  
  58  4:26  Zerg Missile Weapons Level 1, Baneling  
  58  4:27  Baneling  
  58  4:28  Zergling x4  
  58  4:30  Overlord  
  60  4:34  Drone  
  60  4:35  Drone  
  60  4:38  Overlord  
  61  4:43  Drone x2  
  61  4:44  Drone x2  
  65  4:47  Baneling x3  
  65  4:50  Drone  
  65  4:51  Overseer  
  65  4:52  Drone  
  67  4:54  Glial Reconstitution  
  67  4:57  Drone x3  
  67  4:59  Drone  
  71  5:00  Drone  
  71  5:05  Overlord  
  72  5:14  Roach x3  
  77  5:17  Roach x3  
  80  5:24  Drone x2  
  80  5:25  Roach x2  
  80  5:27  Roach x2  
  80  5:28  Roach  
  90  5:29  Overlord  
  90  5:31  Extractor  
  90  5:33  Extractor  
  90  5:34  Roach  
  90  5:36  Overseer  
  90  5:42  Overlord  
  90  5:44  Spine Crawler  
  90  5:45  Overlord  
  90  5:46  Overlord  
  90  5:49  Spine Crawler, Roach x2  
  94  5:50  Roach  
  94  5:51  Roach  
  94  5:54  Roach  
  98  6:01  Drone  
  103  6:04  Roach x5  
  103  6:06  Roach x2  
  103  6:11  Roach x2  
  116  6:15  Overlord  
  116  6:17  Roach  
  118  6:21  Ravager x3  
  118  6:24  Baneling x2  
  121  6:26  Overlord  
  121  6:34  Roach  
  121  6:35  Roach x3  
  129  6:43  Roach  
  129  6:45  Roach x3  
  131  6:49  Roach x2  
  114  6:55  Roach x4  
  114  6:58  Roach x3  
  114  6:59  Roach  
  114  7:01  Roach x3  
  126  7:03  Roach  
  126  7:08  Roach x2  
  125  7:12  Roach  
  125  7:13  Roach  
  122  7:16  Roach  
  122  7:17  Roach  
  122  7:19  Roach  
  122  7:21  Drone  
  122  7:22  Drone  
  129  7:25  Ravager x2  
  129  7:26  Ravager  
  129  7:27  Queen  
  134  7:32  Drone x2  
  134  7:33  Drone x2  
  138  7:38  Zerg Missile Weapons Level 2  
  138  7:43  Overlord  
  138  7:50  Overlord  
  138  7:57  Overlord  
  138  8:01  Queen x2  
  138  8:02  Overlord  
  138  8:04  Drone x4  
  146  8:09  Roach  
  146  8:12  Roach  
  150  8:14  Overlord  
  150  8:18  Roach  
  150  8:19  Hatchery  
  151  8:23  Hydralisk Den  
  151  8:26  Roach x3  
  156  8:32  Roach  
  158  8:37  Ravager x4  
  162  8:42  Roach x5  
  162  8:43  Overseer  
  172  8:49  Roach x2  
  172  8:53  Overseer  
  172  8:55  Roach, Pneumatized Carapace  
  178  8:56  Overlord  
  178  9:01  Overlord  
  178  9:06  Overlord  
  178  9:11  Overlord  
  178  9:14  Overlord  
  178  9:19  Drone x4, Lurker Den  
  178  9:20  Drone x2  
  178  9:21  Roach x4  
  178  9:23  Drone x2  
  193  9:30  Ravager  
  194  9:34  Infestation Pit  
  194  9:35  Drone  
  194  9:36  Roach x3  
  200  9:47  Extractor  
  200  9:51  Extractor  
  198  9:53  Burrow, Tunneling Claws  
  198  9:57  Zerg Ground Armor Level 1  
  198  10:01  Overlord  
  198  10:02  Overlord  
  198  10:11  Overlord, Hive  
  198  10:16  Hydralisk  
  200  10:23  Spine Crawler  
  200  10:26  Overseer  
  193  11:01  Hydralisk x3  
  193  11:02  Hydralisk  
  199  11:10  Hydralisk x3  
  199  11:12  Spore Crawler  
  199  11:13  Spore Crawler  
  199  11:16  Spore Crawler  
  196  11:22  Hydralisk x2  
  199  11:32  Lurker x3  
  199  11:34  Adaptive Talons  
  194  11:48  Evolution Chamber  
  194  11:49  Spore Crawler  
  194  11:50  Lurker x2  
  194  11:53  Roach x4  
  196  11:56  Roach x2  
  196  11:57  Roach  
  196  11:59  Roach  
  200  12:02  Roach x2  
  196  12:09  Roach x2  
  192  12:17  Hydralisk x2  
  192  12:19  Hydralisk x3  
  192  12:21  Lurker  
  192  12:22  Lurker  
  192  12:24  Hydralisk x4  
  192  12:29  Roach x2  
  181  12:31  Seismic Spines  
  181  12:33  Hydralisk x3  
  181  12:35  Roach  
  176  12:38  Roach x3  
  162  12:51  Roach  
  162  12:52  Roach x3  
  162  12:53  Lurker x10  
  162  12:54  Roach x3  
  162  12:55  Roach x2  
  171  13:02  Lurker x2  
  171  13:04  Roach x3  
  175  13:05  Roach  
  175  13:08  Drone x2  
  175  13:10  Roach  
  179  13:13  Roach  
  179  13:17  Roach x4  
  179  13:20  Roach x3  
  177  13:28  Roach  
  177  13:32  Roach x3  
  185  13:35  Roach  
  187  13:42  Roach  
  187  13:43  Roach  
  187  13:50  Roach  
  187  13:51  Roach  
  187  13:52  Roach x2  
  189  13:59  Roach x2  
  189  14:00  Roach  
  176  14:05  Roach x2  
  176  14:07  Roach x2  
Show
View Real Time Build Order
Export as new Build Order

Rogue Zerg 

Build Orders: Hatch First, Roach Nydus 

Get SALT Encoding   

  12  0:00  Drone  
  13  0:12  Overlord  
  13  0:16  Drone  
  14  0:31  Drone x2  
  16  0:47  Hatchery  
  15  0:50  Drone  
  15  0:54  Drone  
  17  0:57  Drone  
  18  1:08  Extractor  
  17  1:12  Spawning Pool  
  17  1:15  Drone  
  17  1:18  Drone  
  18  1:28  Drone  
  19  1:38  Drone  
  20  1:49  Drone  
  21  1:58  Queen  
  21  1:59  Queen  
  21  2:01  Zergling x2, Overlord  
  26  2:10  Drone  
  26  2:11  Drone, Metabolic Boost  
  28  2:21  Drone x2  
  30  2:32  Drone x2  
  32  2:37  Hatchery  
  32  2:43  Queen  
  33  2:48  Overlord  
  33  2:50  Drone  
  34  2:53  Drone  
  34  2:56  Drone  
  36  3:06  Drone x2  
  36  3:10  Roach Warren  
  36  3:11  Drone x2  
  36  3:12  Drone  
  40  3:17  Drone x2  
  42  3:21  Overlord  
  42  3:23  Drone  
  42  3:26  Drone  
  44  3:31  Evolution Chamber  
  44  3:32  Drone  
  44  3:39  Lair  
  44  3:40  Zergling x2  
  45  3:41  Drone x3  
  45  3:44  Drone  
  45  3:46  Drone  
  49  3:50  Drone x3  
  49  3:53  Drone x2  
  54  3:56  Zerg Missile Weapons Level 1  
  54  3:58  Zergling x2  
  54  4:00  Zergling x2  
  56  4:04  Zergling x2  
  56  4:06  Extractor x2  
  56  4:08  Overlord  
  55  4:11  Drone  
  55  4:15  Drone  
  55  4:21  Drone  
  55  4:22  Drone x2  
  57  4:26  Overlord  
  57  4:29  Drone  
  57  4:30  Drone x7  
  65  4:33  Extractor  
  65  4:34  Extractor  
  65  4:38  Roach  
  64  4:41  Roach  
  65  4:47  Roach x2  
  65  4:48  Glial Reconstitution  
  65  4:51  Roach  
  65  4:52  Roach  
  73  4:54  Overlord x2  
  73  5:01  Overlord  
  73  5:05  Spine Crawler  
  73  5:06  Spine Crawler  
  70  5:07  Roach x3  
  75  5:14  Roach  
  75  5:15  Roach  
  75  5:19  Drone  
  75  5:21  Roach x5  
  87  5:26  Roach  
  85  5:32  Roach x3  
  85  5:35  Roach  
  93  5:41  Roach x2  
  97  5:46  Overlord  
  97  5:48  Nydus Network  
  96  5:53  Roach  
  96  5:54  Overlord  
  96  5:56  Overlord  
  98  6:07  Roach  
  98  6:08  Roach x3  
  105  6:14  Roach x4  
  105  6:17  Roach  
  117  6:18  Roach  
  117  6:22  Roach  
  117  6:24  Nydus Canal  
  119  6:26  Roach  
  119  6:29  Overlord  
  121  6:38  Overlord  
  121  6:44  Nydus Canal  
  121  6:50  Roach x2  
  121  6:51  Roach x5  
  119  6:55  Roach  
  119  6:56  Roach x2  
  119  7:01  Roach x2  
  111  7:03  Roach  
  111  7:07  Roach  
  101  7:09  Drone x2  
  101  7:10  Drone  
  90  7:18  Drone x5  
  93  7:25  Drone x5  
  98  7:35  Roach, Ravager  
  98  7:36  Roach  
  103  7:38  Drone  
  103  7:39  Drone  
  103  7:41  Drone x2  
  103  7:43  Drone  
  108  7:49  Roach x3  
  108  7:50  Overseer  
  114  7:53  Zerg Missile Weapons Level 2  
  114  7:54  Drone x3  
  117  8:07  Hatchery  
  117  8:11  Roach  
  117  8:12  Roach x5  
  128  8:14  Overlord  
  128  8:20  Overlord x3  
  128  8:26  Overlord  
  128  8:27  Overlord  
  128  8:36  Extractor, Ravager x2  
  128  8:38  Overseer  
  128  8:39  Evolution Chamber  
  128  8:41  Roach x7  
  142  8:43  Pneumatized Carapace  
  144  8:48  Roach x3  
  144  8:52  Overseer  
  148  8:57  Roach x4  
  148  9:01  Ravager x4  
  160  9:08  Overlord  
  160  9:13  Zerg Ground Armor Level 1, Overlord  
  160  9:15  Roach x2  
  164  9:18  Overseer  
  164  9:20  Roach x3  
  164  9:21  Roach  
  164  9:22  Overlord  
  172  9:29  Queen  
  174  9:33  Roach x4  
  174  9:37  Drone x2, Overseer  
  174  9:38  Drone x2  
  186  9:42  Tunneling Claws  
  186  9:43  Burrow  
  186  9:45  Drone x2  
  188  9:47  Extractor  
  188  9:50  Overseer  
  187  9:55  Drone  
  187  9:57  Infestation Pit  
  187  10:00  Roach  
  187  10:01  Roach x5  
  199  10:10  Spine Crawler, Drone  
  199  10:13  Spine Crawler  
  199  10:14  Spine Crawler  
  197  10:15  Spine Crawler  
  197  10:18  Roach x2  
  200  10:39  Overseer  
  200  10:45  Overseer  
  200  10:48  Hive  
  200  10:49  Overlord  
  197  10:56  Roach  
  197  10:57  Roach x2  
  197  11:04  Nydus Canal  
  197  11:09  Roach  
  197  11:10  Zerg Ground Armor Level 2  
  199  11:12  Hydralisk Den  
  199  11:13  Roach  
  200  11:19  Nydus Canal  
  200  11:32  Roach  
  200  11:37  Roach x8, Nydus Canal  
  200  11:40  Roach  
  200  11:41  Roach  
  190  11:47  Overlord, Roach  
  190  11:50  Grooved Spines  
  190  11:51  Lurker Den  
  185  11:54  Roach  
  185  11:55  Roach x2  
  185  11:58  Nydus Canal  
  185  12:00  Roach  
  185  12:01  Roach x2  
  191  12:03  Roach x2  
  191  12:07  Roach  
  187  12:12  Roach x8  
  187  12:13  Roach x5  
  187  12:14  Roach x2  
  195  12:16  Roach  
  195  12:17  Roach  
  195  12:22  Roach x10  
  198  12:23  Roach  
  198  12:26  Roach x6  
  184  12:31  Roach  
  184  12:32  Roach x4  
  184  12:33  Nydus Canal  
  184  12:34  Roach x2  
  186  12:38  Roach  
  186  12:39  Roach  
  188  12:45  Roach  
  178  12:51  Roach x2  
  170  12:59  Overseer  
  170  13:01  Muscular Augments  
  170  13:02  Roach  
  170  13:03  Roach x2  
  172  13:09  Overseer  
  172  13:11  Hatchery, Ravager x5  
  174  13:19  Roach x2  
  175  13:22  Roach  
  174  13:32  Roach x4  
  179  13:39  Roach  
  179  13:40  Roach x2  
  185  13:45  Roach  
  185  13:46  Roach  
  178  13:50  Overseer  
  178  13:51  Roach  
  148  14:00  Roach  
  148  14:01  Roach  
Tags
 
Composition
Lurkers
Event
TSL 6
League
Master
Matchup
ZvZ
Player
DarkRogue
Race
Zerg
Spawn Locations
Cross Positions
Strategy
Roach Nydus
Add a new tag
Caveats
  • Supply blocks, unpowered buildings, or Contaminate may cause inaccurate times.
  • Supply counts are checked every 10 seconds.